 Dungeon Crawl Stone Soup version 0.31-a0-204-g7da18cac08 (webtiles) character file.

Game seed: 4108636872015646709

91 qw the Shooter (level 4, -4/25 HPs)
             Began as a Deep Elf Hunter on June 27, 2023.
             Slain by an orc
             ... wielding a +1 hand axe of distortion
              (5 damage)
             ... on level 3 of the Dungeon.
             The game lasted 00:00:45 (2190 turns).

qw the Shooter (Deep Elf Hunter)                    Turns: 2190, Time: 00:00:46

Health: -4/25      AC:  6    Str: 10    XL:     4   Next: 33%
Magic:  6/6        EV:  9    Int: 14    God:
Gold:   79         SH:  0    Dex: 18    Spells: 3/3 levels left

rFire   . . .        Y - +0 shortbow
rCold   . . .        (shield currently unavailable)
rNeg    . . .        g - +0 scale mail
rPois   .            (no helmet)
rElec   .            (no cloak)
rCorr   +            (no gloves)
SInv    .            (no boots)
Will    .....        (no amulet)
Stlth   +            e - ring of resist corrosion
HPRegen 0.24/turn    (no ring)
MPRegen 0.10/turn

%: no passive effects
@: no status effects
A: no striking features
a: no special abilities


You were on level 3 of the Dungeon.
You visited 1 branch of the dungeon, and saw 3 of its levels.

You collected 134 gold pieces.
You spent 55 gold pieces at shops.


   Skills:
 - Level 1.5 Fighting
 + Level 7.7 Ranged Weapons
 - Level 2.4 Dodging
 - Level 1.2 Stealth


You had 3 spell levels left.
You didn't know any spells.
Your spell library was empty.

Inventory:

Hand Weapons
 Y - a +0 shortbow (weapon)
Armour
 g - a +0 scale mail (worn)
Jewellery
 e - a ring of resist corrosion (left hand)
Scrolls
 b - a scroll of identify
 c - a scroll of vulnerability {unknown}
Potions
 a - a potion of ambrosia {unknown}
 f - a potion of heal wounds
 h - a potion of enlightenment
 i - a potion of curing
 k - a potion of berserk rage {unknown}

Dungeon Overview and Level Annotations

Branches:
Dungeon (3/15)

Altars:
Gozag

Shops:
D:1 *


Message History

An orc comes into view.
It is wielding a +1 hand axe of distortion.
Enter note:
Enter note: You shoot an arrow.
The arrow hits the orc but does no damage.
An orc comes into view. It is wielding a +0 flail.
You shoot an arrow.
The arrow hits the orc but does no damage.
A goblin comes into view. It is wielding a +0 club.
You shoot an arrow. The arrow hits the orc.
The orc is heavily wounded.
You shoot an arrow.
The arrow hits the orc but does no damage.
The orc is heavily wounded.
The orc hits you with a +0 whip.
You shoot an arrow. The arrow hits the orc!
You kill the orc!
The orc completely misses you.
You shoot an arrow. The arrow hits the orc!
You kill the orc!
The orc hits you with a +1 hand axe of distortion.
You blink.
A rat comes into view.
Found a helmet.
Enter note:
Enter note: You shoot an arrow.
The arrow hits the goblin!
You kill the goblin!
You shoot an arrow. The arrow closely misses the rat.
You shoot an arrow. The arrow hits the rat!
You kill the rat!
You shoot an arrow. The arrow barely misses the orc.
You shoot an arrow. The arrow hits the orc.
The orc is moderately wounded.
The orc hits you with a +1 hand axe of distortion.
Space warps horribly around you!!
Ouch! That really hurt!
The orc hits you with a +1 hand axe of distortion.
Space warps around you.
You die...

....[... .# ......# ..#
.....###..# ###
#.........#..#
....#....#.#.##..###.
.....................
###................
.......@o#.#.##..# #
...........)))...###.##
##.....###.#..........:
.......###.............
##...............###.#
......##...............
...........#..######+##
.#.##.###.##..##
#......### )


You could see an orc.

Vanquished Creatures
  An adder (D:2)
  3 worms (D:2)
  2 dart slugs (D:1)
  2 orcs (D:3)
  4 ball pythons (D:1)
  9 endoplasms
  2 giant cockroaches (D:1)
  9 goblins
  4 hobgoblins
  2 jackals (D:1)
  5 kobolds
  2 quokkas
  3 bats
  6 frilled lizards
  10 rats
64 creatures vanquished.

Notes
Turn   | Place    | Note
-------+----------+-------------------------------------------
     0 | D:1      | qw the Deep Elf Hunter began the quest for the Orb.
     0 | D:1      | Reached XP level 1. HP: 12/12 MP: 3/3
     0 | D:1      | 0 ||| qw: Version: 0.3-a-22-g0ed2b0b
     0 | D:1      | 0 ||| qw: Game counter: 6567
     0 | D:1      | 0 ||| qw: Melee chars always use a shield: true
     0 | D:1      | 0 ||| qw: God list: Okawaru
     0 | D:1      | 0 ||| qw: Allow faded altars: false
     0 | D:1      | 0 ||| qw: Do Orc after clearing Dungeon:15 true
     0 | D:1      | 0 ||| qw: Do second Lair branch before Depths: true
     0 | D:1      | 0 ||| qw: Lair rune preference: random
     0 | D:1      | 0 ||| qw: Goals: Normal
     0 | D:1      | 0 ||| PLANNING D:1-11
    70 | D:1      | 70 ||| FLEEEEING.
    72 | D:1      | 72 ||| FLEEEEING.
    87 | D:1      | Reached skill level 6 in Ranged Weapons
    87 | D:1      | Reached XP level 2. HP: 16/16 MP: 4/4
   374 | D:1      | Reached XP level 3. HP: 20/20 MP: 5/5
   791 | D:1      | Found Wugy's General Store.
   800 | D:1      | 800 ||| SHOPLISTING +6 triple crossbow of Wiheleylo {penet,
                  | rC++} (874 gold, have 63).
   800 | D:1      | 800 ||| SHOPLISTING 2 potions of might (88 gold, have 63).
   800 | D:1      | 800 ||| BUYING potion of enlightenment (55 gold).
   800 | D:1      | Bought a potion of enlightenment for 55 gold pieces
   800 | D:1      | 800 ||| SHOPLISTING ring of poison resistance (220 gold,
                  | have 8).
   800 | D:1      | 800 ||| SHOPLISTING scroll of teleportation (33 gold, have
                  | 8).
   855 | D:1      | Reached skill level 7 in Ranged Weapons
   872 | D:1      | 872 ||| UPGRADING to ring of resist corrosion.
   873 | D:1      | 873 ||| READING scroll labelled IMILIPT WAIJ.
   874 | D:1      | 874 ||| READING scroll labelled XOLOIPHAEF.
   875 | D:1      | 875 ||| DROPPING scroll of butterflies.
   877 | D:1      | 877 ||| Stepping ~*~*~tactically~*~*~ (cloud).
  1237 | D:2      | 1237 ||| FLEEEEING.
  1238 | D:2      | 1238 ||| FLEEEEING.
  1239 | D:2      | 1239 ||| FLEEEEING.
  1240 | D:2      | 1240 ||| FLEEEEING.
  1241 | D:2      | 1241 ||| FLEEEEING.
  1242 | D:2      | 1242 ||| FLEEEEING.
  1243 | D:2      | 1243 ||| FLEEEEING.
  1244 | D:2      | 1244 ||| FLEEEEING.
  1286 | D:2      | Reached XP level 4. HP: 25/25 MP: 6/6
  1657 | D:2      | Identified the +0 robe of Nishrein {*Corrode rElec rPois
                  | Int+4}
  2009 | D:2      | 2009 ||| UPGRADING to +0 scale mail.
  2019 | D:2      | 2019 ||| DROPPING +0 leather armour.
  2020 | D:2      | 2020 ||| DROPPING +0 robe of Nishrein {*Corrode rElec rPois
                  | Int+4}.
  2021 | D:2      | 2021 ||| READING scroll labelled MOJE YMMACK.
  2022 | D:2      | 2022 ||| READING 4 scrolls of identify.
  2022 | D:2      | 2022 ||| IDENTIFYING inky potion
  2023 | D:2      | 2023 ||| READING 3 scrolls of identify.
  2023 | D:2      | 2023 ||| IDENTIFYING purple potion
  2024 | D:2      | 2024 ||| READING 2 scrolls of identify.
  2024 | D:2      | 2024 ||| IDENTIFYING murky pink potion
  2025 | D:2      | 2025 ||| DROPPING potion of magic.
  2047 | D:3      | 2047 ||| PLANNING SEWER
  2053 | D:3      | Found an opulent altar of Gozag.
  2190 | D:3      | HP: 2/25 [orc/+1 hand axe of distortion (19)]
  2190 | D:3      | Slain by an orc

Levels and vault maps discovered:
D:1:      roderic_crossed_star, layout_basic, serial_shops, shop_fountains,
          nicolae_figureground_sparkle
D:2:      kennysheep_big_flooded_room, layout_basic
D:3:      layout_basic, nicolae_gozag_cash_rules_everything_around_me,
          nicolae_uskayaw_murder_on_the_dancefloor, portal_sewer_entry_e,
          minmay_fractal_squares_gapless_5

Skill      XL: |  1  2  3 |
---------------+----------+-----
Ranged Weapons | 6 7 |  7.7
Fighting       | |  1.5
Dodging        | |  2.4
Stealth        | |  1.2

Action                     |  1- 3 |  4- 6 || total
---------------------------+-------+-------++-------
   Fire: Shortbow          |   101 |    40 ||   141
    Use: Scroll            |     2 |     4 ||     6
 Armour: Leather armour    |     4 |     1 ||     5
  Dodge: Dodged            |     8 |     2 ||    10

Table legend:
 A = Non-vault XP
 B = Vault XP
 C = Vault XP percentage of total XP
 D = Non-vault monster count
 E = Vault monster count
 F = Vault count percentage of total count
                 A         B        C        D         E       F
            +---------+---------+-------+---------+---------+-------
      Total |     128 |       2 |   1.5 |      62 |       2 |   3.1
            +---------+---------+-------+---------+---------+-------
        D:1 |      63 |       0 |   0.0 |      36 |       0 |   0.0
        D:2 |      53 |       2 |   3.6 |      20 |       2 |   9.1
        D:3 |      12 |       0 |   0.0 |       6 |       0 |   0.0
            +---------+---------+-------+---------+---------+-------
